 Dungeon Crawl Stone Soup version 0.19.0-19-g8c6edcc (webtiles) character file.

6399 Jarno the Frost Mage (level 10, -13/78 HPs)
             Began as a Pale Draconian Ice Elementalist on Nov 14, 2016.
             Was an Elder of Vehumet.
             Mangled by a faun
             ... wielding a +0 spear
              (20 damage)
             ... on level 1 of the Lair of Beasts.
             The game lasted 00:37:21 (9690 turns).

Jarno the Frost Mage (DrIE)                         Turns: 9690, Time: 00:37:22

Health: -13/78     AC:  8    Str: 10    XL:     10   Next: 66%
Magic:  1/17       EV: 13    Int: 19    God:    Vehumet [****..]
Gold:   132        SH:  0    Dex: 12    Spells: 5 memorised, 5 levels left

rFire  . . .     SeeInvis .     a - +1 morningstar (protect)
rCold  . . .     Gourm    .     (armour unavailable)
rNeg   . . .     Faith    .     (no shield)
rPois  .         Spirit   .     (helmet restricted)
rElec  .         Reflect  .     (no cloak)
rCorr  .         Harm     .     L - +0 pair of gloves
MR     .....                    (no boots)
Stlth  +.........               (no amulet)
                                (no ring)
                                s - +3 ring of slaying

@: lethally poisoned (-13 -> -24), slowed, glowing, very slow
A: breathe steam, unfitting armour, cold-blooded, AC +7
a: Breathe Steam, Renounce Religion


You were on level 1 of the Lair of Beasts.
You worshipped Vehumet.
Vehumet was greatly pleased with you.
You were hungry.

You visited 3 branches of the dungeon, and saw 13 of its levels.

You collected 412 gold pieces.
You spent 280 gold pieces at shops.

Inventory:

Hand Weapons
 a - a +1 morningstar of protection (weapon)
 f - a +1 flail of protection
 k - the +1 trident of a wizard's laboratory {venom, rElec rC++ rN+ Int-2}
   (You found it on level 4 of the Dungeon)

   It poisons the flesh of those it strikes.
   It affects your intelligence (-2).
   It greatly protects you from cold.
   It insulates you from electricity.
   It protects you from negative energy.
 P - a +0 blowgun
Missiles
 G - 8 silver tomahawks (quivered)
 H - 28 poisoned needles
Armour
 L - a +0 pair of gloves (worn)
Jewellery
 m - an uncursed amulet of guardian spirit
 s - a +3 ring of slaying (left hand)
 Q - an uncursed ring of fire
Wands
 c - a wand of iceblast (9/15)
 e - a wand of acid (5/15)
 x - a wand of acid (0/15)
 J - a wand of slowing (23/48)
 N - a wand of flame (33/48)
 S - a wand of confusion (5/48)
Scrolls
 g - a scroll of fog {unknown}
 p - 4 scrolls of enchant armour
 r - a scroll of enchant weapon
 y - a scroll of vulnerability {unknown}
 z - 2 scrolls of amnesia
 A - a scroll of magic mapping
 B - a scroll of summoning {unknown}
 C - a scroll of silence {unknown}
 D - 2 scrolls of remove curse
 M - a scroll of torment {unknown}
 O - a scroll of immolation {unknown}
Potions
 t - 3 potions of flight
 u - 2 potions of brilliance
 v - a potion of ambrosia
 w - a potion of curing
 F - 3 potions of might
 R - a potion of mutation {unknown}
Books
 n - a book of Cantrips

   Spells                             Type                      Level
   a - Confusing Touch                Hexes                        1
   b - Animate Skeleton               Necromancy                   1
   c - Summon Small Mammal            Summoning                    1
   d - Apportation                    Translocation                1
 K - a book of Frost

   Spells                             Type                      Level
   a - Freeze                         Ice                          1
   b - Throw Frost                    Conjuration/Ice              2
   c - Ozocubu's Armour               Charms/Ice                   3
   d - Throw Icicle                   Conjuration/Ice              4
   e - Summon Ice Beast               Ice/Summoning                4
Comestibles
 b - 7 bread rations
 d - 4 chunks of flesh
 h - a beef jerky
 o - 6 meat rations


   Skills:
 + Level 3.9 Fighting
   Level 0.6 Long Blades
 + Level 4.0 Maces & Flails
 - Level 2.6 Polearms
 + Level 3.8 Dodging
 + Level 2.9 Stealth
 + Level 5.0 Spellcasting
 * Level 8.1 Conjurations
 + Level 3.9 Charms
 + Level 3.4 Summonings
 * Level 9.2 Ice Magic
 + Level 1.0 Evocations


You had 5 spell levels left.
You knew the following spells:

 Your Spells              Type           Power        Failure   Level  Hunger
a - Freeze                Ice            ####         1%          1    None
b - Throw Frost           Conj/Ice       #####.       1%          2    #......
c - Ozocubu's Armour      Chrm/Ice       ####....     2%          3    ##.....
d - Throw Icicle          Conj/Ice       #####...     1%          4    ####...
e - Summon Ice Beast      Ice/Summ       ####....     12%         4    ####...


Dungeon Overview and Level Annotations

Branches:
Dungeon (11/15)            Temple (1/1) D:4            Lair (1/6) D:8
    Orc: D:9-12

Altars:
Ashenzari
Dithmenos
Fedhas
Hepliaklqana
Kikubaaqudgha
Makhleb
Nemelex Xobeh
Okawaru
Qazlal
Sif Muna
Trog
Uskayaw
Vehumet
Xom
Zin
The Shining One

Shops:
D:4 (   D:7 *   D:8 =

Annotations:
D:6 Grinder; Leszczynek's ghost, novice MfEE
D:11 Nergalle


Innate Abilities, Weirdness & Mutations

You can breathe blasts of scalding, opaque steam.
Your pale cyan-grey scales are hard. (AC +7)
You cannot fit into any form of body armour.
You are cold-blooded and may be slowed by cold attacks.


Message History

The yak gores your ice beast.
Your ice beast barely misses the yak.
The faun hits you with an uncursed spear!!
* * * LOW HITPOINT WARNING * * *
The spiny frog closely misses you. The yak closely misses your ice beast.
Your ice beast hits the yak.
Your ice beast freezes the yak!
* * * LOW HITPOINT WARNING * * *
You feel sick.
The yak completely misses the plant.
The faun casts a spell at you.
You feel as though you will be slow longer.
The yak gores your ice beast but does no damage.
The yak gores your ice beast!
Your ice beast hits the yak.
Your ice beast freezes the yak!
The yak dies!
Vehumet accepts your kill.
Vehumet is extending the range of your destructive magics.
Your Maces & Flails skill increases to level 4!
The spiny frog stings you.
* * * LOW HITPOINT WARNING * * *
The faun hits you from afar with an uncursed spear!!
You die...

.8....%..%...♣.#
.......8....%♣.#
............P..#
8...%...8%.P...#
....P.Y....%...#
%.....YY.....♣
.8P...c8.%...♣.#
.P%.8PY.F.%P.#..
...P...Y@..♣♣#.#
...P.%%P(..♣ #.#
..P.P.PP..♣♣##.#
♣♣%.....♣(##.#.#
♣♣...♣........#
..............#
..............#
........).....#
#######.......#


You could see a faun, 4 yaks, a spiny frog and a friendly ice beast.

Vanquished Creatures
  Erolcha (D:11)
  Pikel (D:6)
  A manticore (D:11)
  A queen bee (D:11)
  A two-headed ogre (D:8)
  A hippogriff (D:8)
  Eustachio (D:6)
  3 hungry ghosts (D:11)
  Menkaure (D:6)
  Edmund (D:4)
  A porcupine (D:8)
  A water moccasin (D:6)
  A hornet zombie (D:5)
  A slave (D:6)
  An ice beast (D:6)
  2 orc warriors
  2 phantoms
  A black bear (D:7)
  3 sky beasts
  An ogre (D:7)
  2 centaurs
  A big kobold (D:8)
  6 bullfrogs
  2 scorpions
  11 killer bees (D:11)
  3 crimson imps
  A quasit (D:7)
  A bullfrog zombie (D:11)
  4 hounds
  3 orc wizards
  2 jellies
  A centaur zombie (D:5)
  5 orc priests
  2 bullfrog skeletons
  2 iguanas (D:8)
  7 worker ants
  A hound zombie (D:6)
  A worker ant zombie (D:8)
  4 adders
  2 howler monkey skeletons
  A river rat (D:8)
  3 shadow imps (D:6)
  An ooze (D:3)
  An adder skeleton (D:7)
  4 worms
  A dart slug (D:1)
  7 leopard geckos
  22 orcs
  6 giant cockroaches
  7 goblins
  7 hobgoblins
  18 jackals
  20 kobolds
  5 quokkas
  3 ball pythons
  11 bats
  7 frilled lizards
  A jackal zombie (D:6)
  A quokka skeleton (D:4)
  3 rats
216 creatures vanquished.

Vanquished Creatures (collateral kills)
  A yak (Lair:1)
1 creature vanquished.

Vanquished Creatures (others)
  2 slaves (D:7)
  A killer bee (D:11)
  A worker ant (D:7)
  An adder (D:7)
  A leopard gecko (D:7)
  A goblin (D:1)
  8 plants (D:11)
15 creatures vanquished.

Grand Total: 232 creatures vanquished

Notes
Turn   | Place    | Note
-------+----------+-------------------------------------------
     0 | D:1      | Jarno the Draconian Ice Elementalist began the quest for the Orb.
     0 | D:1      | Reached XP level 1. HP: 14/14 MP: 3/3
   252 | D:1      | Reached XP level 2. HP: 20/20 MP: 1/5
   884 | D:2      | Learned a level 2 spell: Throw Frost
  1188 | D:2      | Reached XP level 3. HP: 20/26 MP: 6/6
  1367 | D:2      | Learned a level 3 spell: Ozocubu's Armour
  1669 | D:2      | Reached skill level 1 in Charms
  2326 | D:3      | Reached XP level 4. HP: 33/33 MP: 7/7
  2518 | D:3      | Found a radiant altar of Vehumet.
  2519 | D:3      | Found a burning altar of Makhleb.
  2533 | D:3      | Became a worshipper of Vehumet
  2687 | D:3      | Found a glowing silver altar of Zin.
  2688 | D:3      | Found an ancient bone altar of Kikubaaqudgha.
  2890 | D:3      | Found a blossoming altar of Fedhas.
  2961 | D:3      | Found a shadowy altar of Dithmenos.
  3176 | D:4      | Reached XP level 5. HP: 34/38 MP: 0/8
  3421 | D:4      | Noticed Edmund
  3431 | D:4      | Reached * piety under Vehumet
  3431 | D:4      | Offered knowledge of Shock by Vehumet.
  3473 | D:4      | Killed Edmund
  3473 | D:4      | Reached skill level 4 in Ice Magic
  3473 | D:4      | Reached XP level 6. HP: 18/45 MP: 2/10
  3782 | D:4      | Got an ancient trident
  3786 | D:4      | Identified the cursed +1 trident of a wizard's laboratory {venom, rElec rC++ rN+ Int-2} (You found it on level 4 of the Dungeon)
  3968 | D:4      | Found Taxuh's Weapon Emporium.
  4259 | D:4      | Found a staircase to the Ecumenical Temple.
  4287 | Temple   | Entered the Ecumenical Temple
  4324 | D:5      | Entered Level 5 of the Dungeon
  4337 | D:5      | Reached skill level 1 in Polearms
  4385 | D:5      | Your scales start taking on a pale cyan-grey colour.
  4385 | D:5      | Reached XP level 7. HP: 8/51 MP: 8/11
  4990 | D:5      | Reached skill level 1 in Fighting
  5275 | D:5      | Found a deep blue altar of Sif Muna.
  5361 | D:6      | Reached skill level 5 in Ice Magic
  5382 | D:6      | Reached XP level 8. HP: 60/60 MP: 12/12
  5426 | D:6      | Offered knowledge of Searing Ray by Vehumet.
  5473 | D:6      | Noticed Leszczynek's ghost (novice MfEE)
  5512 | D:5      | Learned a level 4 spell: Throw Icicle
  5754 | D:6      | Noticed Grinder
  5844 | D:6      | Noticed Eustachio
  5873 | D:6      | Killed Eustachio
  5873 | D:6      | Reached ** piety under Vehumet
  5913 | D:6      | Found an iron altar of Okawaru.
  6103 | D:6      | Reached skill level 5 in Conjurations
  6137 | D:6      | Noticed Menkaure
  6142 | D:6      | Killed Menkaure
  6142 | D:6      | Reached skill level 6 in Ice Magic
  6437 | D:7      | Noticed Pikel
  6498 | D:6      | Killed Pikel
  6498 | D:6      | Reached skill level 7 in Ice Magic
  6498 | D:6      | Reached XP level 9. HP: 58/68 MP: 6/14
  6879 | D:7      | Found a stormy altar of Qazlal.
  7047 | D:7      | Reached skill level 1 in Maces & Flails
  7075 | D:7      | Offered knowledge of Ignite Poison by Vehumet.
  7154 | D:7      | Found Ifoled's Assorted Antiques.
  7157 | D:7      | Bought a scroll labeled BOQEYPIEPN for 21 gold pieces
  7157 | D:7      | Bought a scroll of identify for 42 gold pieces
  7157 | D:7      | Bought a scroll of identify for 42 gold pieces
  7157 | D:7      | Bought a blowgun for 52 gold pieces
  7157 | D:7      | Bought an onyx ring for 105 gold pieces
  7157 | D:7      | Bought a red potion for 18 gold pieces
  7379 | D:8      | Found Didiam's Jewellery Shop.
  7724 | D:8      | Reached skill level 8 in Ice Magic
  7868 | D:8      | Reached *** piety under Vehumet
  8008 | D:8      | You fall through a shaft for 3 floors!
  8051 | D:11     | Noticed a white ugly thing
  8229 | D:11     | Noticed an orc knight
  8545 | D:11     | Noticed a queen bee
  8555 | D:11     | Killed a queen bee
  8555 | D:11     | Reached XP level 10. HP: 27/77 MP: 3/16
  8787 | D:11     | Noticed Nergalle
  8805 | D:11     | Noticed a manticore
  8805 | D:11     | Noticed Erolcha
  8821 | D:11     | Killed Erolcha
  8825 | D:11     | Killed a manticore
  8825 | D:11     | Reached skill level 9 in Ice Magic
  8837 | D:11     | Offered knowledge of Static Discharge by Vehumet.
  8837 | D:11     | Reached skill level 5 in Spellcasting
  8837 | D:11     | Reached skill level 1 in Evocations
  8850 | D:11     | Noticed a red ugly thing
  8855 | D:11     | Noticed a hill giant
  8873 | D:11     | Noticed a manticore
  8885 | D:10     | Entered Level 10 of the Dungeon
  9176 | D:8      | Learned a level 4 spell: Summon Ice Beast
  9212 | D:8      | Reached skill level 1 in Summonings
  9294 | D:8      | Noticed a brown ugly thing
  9295 | D:8      | Noticed a hill giant
  9296 | D:8      | Noticed a gargoyle
  9299 | D:8      | Noticed a tengu warrior
  9424 | D:8      | Found a staircase to the Lair.
  9617 | Lair:1   | Entered Level 1 of the Lair of Beasts
  9676 | Lair:1   | Noticed a faun
  9682 | Lair:1   | Noticed a spiny frog
  9690 | Lair:1   | Reached **** piety under Vehumet
  9690 | Lair:1   | Mangled by a faun

Skill      XL: |  1  2  3  4  5  6  7  8  9 10 |
---------------+-------------------------------+-----
Charms         | 1 2 3 |  3.9
Conjurations   | 2 3 4 6 7 8 |  8.1
Stealth        | 2 |  2.9
Ice Magic      | 4 5 7 8 9 |  9.2
Dodging        | 2 3 |  3.8
Polearms       | 1 2 |  2.6
Spellcasting   | 3 4 5 |  5.0
Fighting       | 1 2 3 |  3.9
Maces & Flails | 3 4 |  4.0
Evocations     | 1 |  1.0
Summonings     | 3 |  3.4
Long Blades    | |  0.6

Action                   |  1- 3 |  4- 6 |  7- 9 | 10-12 || total
-------------------------+-------+-------+-------+-------++-------
Melee: Unarmed           |     8 |       |       |       ||     8
       Spear             |    86 |    45 |       |       ||   131
       Dagger            |     4 |       |       |       ||     4
       Tailslap          |     6 |     9 |    28 |     8 ||    51
       Scimitar          |       |    18 |       |       ||    18
       Trident           |       |    51 |   167 |       ||   218
       Flail             |       |     9 |       |       ||     9
       Morningstar       |       |       |   144 |    93 ||   237
 Cast: Freeze            |    44 |    20 |    22 |     3 ||    89
       Throw Frost       |     6 |     6 |    21 |     4 ||    37
       Ozocubu's Armour  |       |     3 |    14 |     3 ||    20
       Throw Icicle      |       |       |    10 |    12 ||    22
       Summon Ice Beast  |       |       |       |     2 ||     2
Evoke: Wand              |       |     7 |     2 |     8 ||    17
  Use: Scroll            |     3 |     6 |    13 |     6 ||    28
       Potion            |       |       |     3 |     8 ||    11
 Stab: Sleeping          |     2 |     5 |     4 |     1 ||    12
  Eat: Chunk             |     5 |     6 |    15 |       ||    26
       Fruit             |       |     2 |       |       ||     2
       Beef jerky        |       |       |     4 |       ||     4
       Royal jelly       |       |       |     1 |     2 ||     3
Armor: Skin              |    29 |    57 |   203 |    46 ||   335
Dodge: Dodged            |    69 |    85 |   322 |    86 ||   562
       Rpst.: Scimitar   |       |     3 |       |       ||     3
